 Dungeon Crawl Stone Soup version 0.28.0 (webtiles) character file.

Game seed: 6937525726002278717

70 krispywithak the Ruffian (level 4, 0/35 HPs)
             Began as a Human Berserker on Feb 5, 2022.
             Was a Follower of Trog.
             Slain by a gnoll (6 damage)
             ... on level 3 of the Dungeon.
             The game lasted 00:08:07 (2601 turns).

krispywithak the Ruffian (Human Berserker)          Turns: 2601, Time: 00:08:08

Health: 0/35       AC:  8    Str: 21    XL:     4   Next: 44%
Magic:  4/4        EV:  8    Int:  8    God:    Trog [*.....]
Gold:   9          SH:  0    Dex: 12    Spells: 3/3 levels left

rFire   . . .      SeeInvis .   b - +1 hand axe (freeze)
rCold   . . .      Faith    .   j - orb {*Rage}
rNeg    . . .      Spirit   .   d - +0 chain mail
rPois   .          Reflect  .   (no helmet)
rElec   .          Harm     .   (no cloak)
rCorr   .          Rampage  .   (no gloves)
Will    .....      Rage     20% (no boots)
Stlth   ..........              (no amulet)
HPRegen 0.11/turn               (no ring)
MPRegen 0.09/turn               (no ring)

@: on berserk cooldown, slowed, very slow
A: strong 1, no potion heal 1
a: Renounce Religion, Berserk


You were on level 3 of the Dungeon.
You worshipped Trog.
Trog was aware of your devotion.
You visited 1 branch of the dungeon, and saw 3 of its levels.

You collected 58 gold pieces.
You spent 49 gold pieces at shops.

Inventory:

Hand Weapons
 b - a +1 hand axe of freezing (weapon)
Missiles
 a - 3 atropa-tipped darts (quivered)
 e - 43 arrows
 f - 18 bolts
Armour
 d - a +0 chain mail (worn)
 j - an orb of wrath (worn)
Scrolls
 g - a scroll of brand weapon
 i - a scroll of teleportation
Potions
 h - a potion of degeneration


   Skills:
 + Level 3.4 Fighting
 + Level 1.2 Axes
 + Level 2.5 Armour
 + Level 2.5 Dodging
 + Level 0.2 Stealth
 + Level 3.6 Unarmed Combat


You had 3 spell levels left.
You didn't know any spells.
Your spell library contained the following spells:

 Spells                   Type           Power      Damage    Failure   Level
 Summon Small Mammal      Summ           0%         N/A       99%         1
 Call Canine Familiar     Summ           0%         N/A       100%        3
 Summon Guardian Golem    Hex/Summ       0%         N/A       100%        3
 Chain Lightning          Conj/Air       0%         N/A       100%        9
 Fire Storm               Conj/Fire      0%         5d1       100%        9
 Shatter                  Erth           0%         3d5*      100%        9


Dungeon Overview and Level Annotations

Branches:
Dungeon (3/15)

Altars:

Shops:
D:2 [


Innate Abilities, Weirdness & Mutations

Your muscles are strong. (Str +2)
Potions are less effective at restoring your health.


Message History

You tear a large gash into the net.
The gnoll hits you from afar with a +0 spear.
You struggle against the net.
The gnoll hits you but does no damage.
A red film seems to cover your vision as you go berserk!
You feel yourself moving faster!
You feel mighty!
The gnoll hits you from afar with a +0 spear!
You shred the net and break free!
You feel a strong urge to attack something.
Things that are here:
a +0 flail; a potion of degeneration You slash the gnoll!
You freeze the gnoll.
The gnoll is almost dead.
You barely miss the gnoll. The gnoll closely misses you.
The gnoll hits you with a +0 flail!
* * * LOW HITPOINT WARNING * * *
You slash the gnoll! You freeze the gnoll.
You kill the gnoll!
Trog accepts your kill.
You hit the gnoll. You freeze the gnoll. The gnoll barely misses you.
You see here a +0 flail.
You feel a strong urge to attack something.
You are no longer berserk.
You are exhausted.
You feel yourself slow down.
The gnoll throws a throwing net.
The throwing net hits you.
You become entangled in the net!
You see here a throwing net.
You struggle against the net.
The gnoll hits you from afar with a +0 spear.
* * * LOW HITPOINT WARNING * * *
Unknown command.
A gnoll is nearby!
A gnoll is nearby!
Blink to where?
Press: ? - help, Dir - move target
As you read the scroll of blinking, it crumbles to dust.
Your system partially rejects the healing.
You feel better.
The gnoll hits you from afar with a +0 spear.
You die...

####..# ########..#
..........#
#########.##########
....#..........###
##...#########....#
#............#....#
#....####...())...#
#...@......#.#g...#
#.#...g....#.#....#
#........#...######
###..........#
########.#.# ..#.#
##....


You could see a gnoll.

Vanquished Creatures
  Natasha (D:2)
  2 gnolls (D:3)
  A dart slug (D:1)
  7 bats
  2 endoplasms (D:1)
  3 giant cockroaches (D:2)
  2 hobgoblins
  2 jackals (D:1)
  A ball python (D:1)
  A kobold (D:2)
  A rat (D:3)
23 creatures vanquished.

Notes
Turn   | Place    | Note
-------+----------+-------------------------------------------
     0 | D:1      | krispywithak the Human Berserker began the quest for the
                  | Orb.
     0 | D:1      | Reached XP level 1. HP: 18/18 MP: 1/1
   181 | D:1      | Found a faded altar of an unknown god.
   523 | D:1      | Gained mutation: You are agile. (Dex +2) [potion of
                  | mutation]
   523 | D:1      | Lost mutation: You are agile. (Dex +2) [potion of mutation]
   523 | D:1      | Gained mutation: Potions are less effective at restoring
                  | your health. [potion of mutation]
   523 | D:1      | Gained mutation: Your muscles are strong. (Str +2) [potion
                  | of mutation]
   542 | D:1      | Reached XP level 2. HP: 19/24 MP: 2/2
  1539 | D:2      | Found Wyohiw's Armour Shoppe.
  1832 | D:2      | Bought a +0 chain mail for 49 gold pieces
  1874 | D:2      | Noticed Natasha
  1883 | D:2      | Killed Natasha
  1884 | D:2      | Reached XP level 3. HP: 29/29 MP: 3/3
  2488 | D:2      | Reached XP level 4. HP: 34/35 MP: 4/4
  2586 | D:3      | Reached skill level 1 in Axes
  2595 | D:3      | HP: 1/35 [gnoll (5)]
  2601 | D:3      | Slain by a gnoll

Illustrated notes

Levels and vault maps discovered:
D:1:      scummos_arrival_star, layout_loops_ring, basic_ecumenical_altar
D:2:      layout_rooms, serial_shops, nicolae_square_shop,
          kennysheep_generic_room_6, uniq_natasha
D:3:      layout_basic

Skill      XL: |  1  2  3  4 |
---------------+-------------+-----
Axes           | 1 |  1.2
Fighting       | |  3.4
Armour         | |  2.5
Dodging        | |  2.5
Stealth        | |  0.2
Unarmed Combat | |  3.6

Action                   |  1- 3 |  4- 6 || total
-------------------------+-------+-------++-------
Melee: Hand axe          |    53 |     8 ||    61
       Unarmed           |     6 |       ||     6
       Punch             |     2 |       ||     2
Throw: Dart              |     1 |     1 ||     2
Invok: Berserk           |     1 |     1 ||     2
  Use: Scroll            |     8 |     1 ||     9
       Potion            |     2 |     1 ||     3
Armor: Animal skin       |     3 |       ||     3
       Robe              |     6 |       ||     6
       Leather armour    |    10 |       ||    10
       Chain mail        |    16 |     4 ||    20
Dodge: Dodged            |    32 |     6 ||    38
